 Dungeon Crawl Stone Soup version 0.31.0-11-ge490571c62 (webtiles) character file.

Game seed: 7077180901718111073

979 qw the Shooter (level 7, -2/35 HPs)
             Began as a Spriggan Hunter on Feb 3, 2024.
             Was a Believer of Okawaru.
             Incinerated by a bombardier beetle (4 damage)
             ... with a burning spray
             ... on level 5 of the Dungeon.
             The game lasted 00:00:16 (3739 turns).

qw the Shooter (Spriggan Hunter)                    Turns: 3739, Time: 00:00:17

Health: -2/35      AC:  5    Str:  7    XL:     7   Next: 96%
Magic:  10/10      EV: 27    Int: 10    God:    Okawaru [**....]
Gold:   304        SH:  0    Dex: 21    Spells: 6/6 levels left

rFire   . . .        k - +0 arbalest
rCold   . . .        (shield currently unavailable)
rNeg    . . .        c - +0 robe
rPois   .            (helmet restricted)
rElec   .            o - +2 cloak
rCorr   .            (gloves unavailable)
SInv    +            (boots unavailable)
Will    +....        (no amulet)
Stlth   +            h - +5 ring of evasion
HPRegen 0.25/turn    (no ring)
MPRegen 0.12/turn

%: no passive effects
@: on fire, about to teleport, glowing, very quick
A: very small, no large weapons, unfitting armour, see invisible, speed 3
a: Renounce Religion, Heroism


You were on level 5 of the Dungeon.
You worshipped Okawaru.
Okawaru was pleased with you.
You visited 2 branches of the dungeon, and saw 6 of its levels.

You collected 304 gold pieces.


Innate Abilities, Weirdness & Mutations

You are very small and have problems with some larger weapons.
You are too small for most types of armour.
You have supernaturally acute eyesight. (SInv)
You cover ground extremely quickly. (Speed+++)


   Skills:
 - Level 2.0 Fighting
 + Level 7.5 Ranged Weapons
 - Level 7.1 Dodging
 - Level 1.5 Stealth
 + Level 3.6 Invocations


You had 6 spell levels left.
You didn't know any spells.
Your spell library was empty.

Inventory:

Hand Weapons
 k - a +0 arbalest (weapon)
Armour
 c - a +0 robe (worn)
 o - a +2 cloak (worn)
Jewellery
 h - a +5 ring of evasion (left hand)
Scrolls
 i - 3 scrolls of enchant armour
Potions
 a - a potion of magic
 e - 4 potions of haste
 f - a potion of degeneration {unknown}
 g - a potion of enlightenment
 j - a potion of curing
 l - a potion of berserk rage {unknown}
 m - a potion of ambrosia {unknown}

Dungeon Overview and Level Annotations

Branches:
Dungeon (5/15)             Temple (1/1) D:4

Altars:
Ashenzari
Cheibriados
Dithmenos
Elyvilon
Hepliaklqana
Kikubaaqudgha
Makhleb
Nemelex Xobeh
Okawaru
Qazlal
Ru
Trog
Uskayaw
Vehumet
Xom
Yredelemnul
Zin
The Shining One


Message History

The phantom misses you. The phantom hits you.
The phantom blinks!
You blink.
The orc misses you.
You shoot a bolt. The bolt hits the orc!
You kill the orc!
Okawaru accepts your kill. The phantom completely misses you.
You shoot a bolt. The bolt completely misses the phantom.
The phantom completely misses you. The adder completely misses you.
The phantom completely misses you.
A bombardier beetle comes into view.
You shoot a bolt. The bolt misses the phantom.
The adder closely misses you. The adder bites you but does no damage.
The phantom closely misses you. The adder barely misses you.
The bombardier beetle sprays incendiary fluid at you.
The burning spray hits you.
You are covered in liquid fire!
You shoot a bolt. The bolt closely misses the phantom.
The liquid fire burns you! The phantom barely misses you.
The adder closely misses you. The phantom hits you.
The adder completely misses you.
You shoot a bolt. The bolt closely misses the phantom.
The liquid fire burns you! The adder completely misses you.
The phantom misses you. The adder misses you.
You shoot a bolt. The bolt hits the phantom.
The phantom is lightly damaged.
The liquid fire burns you! The phantom hits you.
The phantom blinks!
You blink.
The phantom completely misses you.
You shoot a bolt. The bolt misses the phantom.
The liquid fire burns you! The phantom completely misses you.
You shoot a bolt. The bolt hits the phantom!!
The phantom is almost destroyed.
The liquid fire burns you! The phantom completely misses you. x2
3739 ||| READING scroll of teleportation.
As you read the scroll of teleportation, it crumbles to dust.
You feel strangely unstable. The liquid fire burns you!
You die...

.##.## .....# .....#
..\..# .....# .....#
######
#######################
#........)...SW@......#
#..##...#...B####.....#
#.# #...#..[.# #...#
#.###..##....# ..#
#......###...B. #
##.....## #...#..
.#...### #...#....
##.#### ##..# ...
.#....#### ..# #.


You could see a phantom, a bombardier beetle and an adder.

Vanquished Creatures
  2 black bears
  An ogre (D:5)
  2 bombardier beetles (D:5)
  2 quasits (D:5)
  3 hounds
  2 jellies
  An orc priest (D:5)
  2 iguanas (D:5)
  13 gnolls
  9 adders
  3 shadow imps (D:5)
  2 white imps (D:5)
  An adder zombie (D:3)
  A dart slug (D:1)
  A ribbon worm (D:3)
  11 orcs
  7 bats
  7 endoplasms
  6 giant cockroaches
  7 goblins
  3 hobgoblins
  6 jackals
  2 quokkas
  11 ball pythons
  2 ball python skeletons (D:3)
  2 frilled lizards (D:3)
  6 kobolds
  A rat (D:3)
116 creatures vanquished.

Notes
Turn   | Place    | Note
-------+----------+-------------------------------------------
     0 | D:1      | qw the Spriggan Hunter began the quest for the Orb.
     0 | D:1      | Reached XP level 1. HP: 10/10 MP: 2/2
     0 | D:1      | 0 ||| qw: Version: 0.3-a-157-g843a77d
     0 | D:1      | 0 ||| qw: Game counter: 3990
     0 | D:1      | 0 ||| qw: Melee chars always use a shield: true
     0 | D:1      | 0 ||| qw: God list: Okawaru
     0 | D:1      | 0 ||| qw: Allow faded altars: false
     0 | D:1      | 0 ||| qw: Do Orc after clearing Dungeon:15 true
     0 | D:1      | 0 ||| qw: Do second Lair branch before Depths: true
     0 | D:1      | 0 ||| qw: Lair rune preference: random
     0 | D:1      | 0 ||| qw: Goals: Normal
     0 | D:1      | 0 ||| PLANNING D:1-11
    44 | D:1      | Reached skill level 3 in Dodging
   202 | D:1      | Reached XP level 2. HP: 14/14 MP: 3/3
   656 | D:1      | Reached XP level 3. HP: 18/18 MP: 4/4
   878 | D:1      | 878 ||| READING scroll labelled UJITRA NABE.
   879 | D:1      | 879 ||| READING scroll labelled KATROHAISA.
   880 | D:1      | 880 ||| DROPPING scroll of butterflies.
  1133 | D:2      | Found a bloodstained altar of Trog.
  1209 | D:2      | Reached XP level 4. HP: 22/22 MP: 5/5
  1386 | D:2      | Found a faded altar of an unknown god.
  1522 | D:2      | 1522 ||| READING scroll labelled WUGOKA DIONOTE.
  1522 | D:2      | 1522 ||| BRANDING +0 shortbow.
  1523 | D:2      | 1523 ||| READING scroll labelled DEINNU WIPEL.
  1523 | D:2      | 1523 ||| ENCHANTING +0 shortbow of electrocution.
  1524 | D:2      | 1524 ||| READING scroll labelled KALIOCO CARIGOIDAT.
  1524 | D:2      | 1524 ||| IDENTIFYING bubbling clear potion
  1525 | D:2      | 1525 ||| READING scroll labelled GAGIXET ESTROO.
  1526 | D:2      | 1526 ||| DRINKING 2 murky red potions.
  1527 | D:2      | 1527 ||| DRINKING 2 bubbling sapphire potions.
  1744 | D:3      | Reached XP level 5. HP: 26/26 MP: 6/6
  2195 | D:3      | 2195 ||| SWAPPING to +0 arbalest.
  2196 | D:3      | 2196 ||| DROPPING +0 shortbow of electrocution.
  2269 | D:3      | Found a sparkling altar of Nemelex Xobeh.
  2273 | D:3      | Found a glowing golden altar of the Shining One.
  2414 | D:3      | 2414 ||| UPGRADING to +5 ring of evasion.
  2415 | D:3      | 2415 ||| READING scroll labelled GUEROY UTWO.
  2416 | D:3      | 2416 ||| DRINKING 2 amethyst potions.
  2417 | D:3      | 2417 ||| DRINKING 2 golden potions.
  2457 | D:3      | 2457 ||| DROPPING potion of lignification.
  2469 | D:4      | 2469 ||| STAIRDANCE
  2483 | D:4      | 2483 ||| STAIRDANCE
  2502 | D:4      | 2502 ||| STAIRDANCE
  2578 | D:4      | Reached skill level 6 in Ranged Weapons
  2676 | D:4      | Found a staircase to the Ecumenical Temple.
  2677 | D:4      | 2677 ||| PLANNING TEMPLE
  2677 | D:4      | 2677 ||| READING scroll labelled DUHATWYNIT.
  2689 | D:4      | Reached XP level 6. HP: 30/30 MP: 7/7
  2693 | Temple   | Entered the Ecumenical Temple
  2694 | Temple   | 2694 ||| PLANNING OKAWARU WORSHIP
  2766 | Temple   | Became a worshipper of Warmaster Okawaru
  2767 | Temple   | 2767 ||| PLANNING D:1-11
  2943 | D:4      | 2943 ||| DRINKING 4 potions of haste.
  2947 | D:4      | Reached skill level 6 in Dodging
  3103 | D:4      | HP: 6/30 [gnoll/+1 flail of holy wrath (7)]
  3104 | D:4      | 3104 ||| DRINKING potion of heal wounds.
  3299 | D:4      | 3299 ||| UPGRADING to +2 cloak.
  3304 | D:4      | 3304 ||| READING scroll of identify.
  3304 | D:4      | 3304 ||| IDENTIFYING puce potion
  3305 | D:4      | 3305 ||| READING scroll labelled FUOQYO LAETZ.
  3415 | D:5      | Entered Level 5 of the Dungeon
  3418 | D:5      | Reached * piety under Okawaru
  3443 | D:5      | Reached XP level 7. HP: 33/35 MP: 8/8
  3445 | D:5      | Reached skill level 1 in Invocations
  3654 | D:5      | 3654 ||| RETREEEEATING.
  3657 | D:5      | 3657 ||| RETREEEEATING.
  3660 | D:5      | 3660 ||| RETREEEEATING.
  3667 | D:5      | Reached skill level 3 in Invocations
  3667 | D:5      | Reached ** piety under Okawaru
  3738 | D:5      | HP: 1/35 [burnt (9)]
  3739 | D:5      | 3739 ||| READING scroll of teleportation.
  3739 | D:5      | Incinerated by a bombardier beetle

Levels and vault maps discovered:
D:1:      dpeg_arrival_rooms_with_view, layout_basic
D:2:      layout_rooms, shapermc_ecumenical_altar_mp_vishouse, basic_altar,
          kennysheep_pointless_box, serial_bayou_pond_c, minivault_11
D:3:      layout_loops_corners, jmf_multi_god_temple2, serial_undead,
          serial_undead_a, serial_undead_a, serial_undead_c, serial_undead_f
D:4:      layout_cave_pools, minmay_temple_entry_statues_pillars
D:5:      minmay_recursive_quarters, layout_loops_corners,
          fedhas_bush_and_centaur_altar, serial_demonic, serial_demonic_c,
          serial_demonic_b, serial_demonic_d, serial_demonic_b,
          serial_demonic_e, uniq_sigmund
Temple:   regret_index_temple_waves

Skill      XL: |  1  2  3  4  5  6  7 |
---------------+----------------------+-----
Dodging        | 3 4 5 6 7 |  7.1
Ranged Weapons | 5 6 7 |  7.5
Fighting       | 2 |  2.0
Invocations    | 3 |  3.6
Stealth        | |  1.5

Action                     |  1- 3 |  4- 6 |  7- 9 || total
---------------------------+-------+-------+-------++-------
   Fire: Shortbow          |    71 |    68 |       ||   139
         Arbalest          |       |    97 |    55 ||   152
    Use: Scroll            |     2 |     8 |     1 ||    11
         Potion            |       |     6 |       ||     6
 Armour: Robe              |     1 |    16 |    10 ||    27
  Dodge: Dodged            |     4 |    97 |    71 ||   172

Table legend:
 A = Non-vault XP
 B = Vault XP
 C = Vault XP percentage of total XP
 D = Non-vault monster count
 E = Vault monster count
 F = Vault count percentage of total count
                 A         B        C        D         E       F
            +---------+---------+-------+---------+---------+-------
      Total |     758 |     641 |  45.8 |      92 |      24 |  20.7
            +---------+---------+-------+---------+---------+-------
        D:1 |      43 |       4 |   8.5 |      16 |       2 |  11.1
        D:2 |      60 |       0 |   0.0 |      15 |       0 |   0.0
        D:3 |     140 |      23 |  14.1 |      24 |       5 |  17.2
        D:4 |     365 |       0 |   0.0 |      30 |       0 |   0.0
        D:5 |     150 |     614 |  80.4 |       7 |      17 |  70.8
            +---------+---------+-------+---------+---------+-------
